 Dungeon Crawl Stone Soup version 0.21.0 (webtiles) character file.

48 tidbits the Sneak (level 3, -8/14 HPs)
             Began as a Felid Air Elementalist on Jan 7, 2018.
             Killed from afar by Sigmund (11 damage)
             ... with a magic dart
             ... on level 2 of the Dungeon.
             The game lasted 00:04:14 (456 turns).

tidbits the Sneak (Felid Air Elementalist)           Turns: 456, Time: 00:04:15

Health: -8/14      AC:  1    Str:  3 (5)  XL:     3   Next: 50%
Magic:  3/6        EV: 18    Int: 16      God:
Gold:   16         SH:  0    Dex: 17 (18) Spells: 3/6 levels left
                                        Lives:  0   Deaths: 0

rFire    . . .     SeeInvis +     - Unarmed
rCold    . . .     Gourm    .   (shield unavailable)
rNeg     . . .     Faith    .   (armour unavailable)
rPois    .         Spirit   .   (helmet unavailable)
rElec    .         Reflect  .   (cloak unavailable)
rCorr    .         Harm     .   (gloves unavailable)
MR       .....                  (boots unavailable)
Stlth    ++........             (no amulet)
HPRegen  0.04/turn              (no ring)
MPRegen  0.10/turn              (no ring)

@: confused, quick
A: very small, no armour, no weapons or thrown items, stealth, claws 1, fangs 3,
thin skeletal structure 1, see invisible, carnivore, speed 1, low mp 1, sense
surroundings 1, shaggy fur 1, slow metabolism 1, sharp paws
a: no special abilities


You were on level 2 of the Dungeon.
You were not hungry.

You visited 1 branch of the dungeon, and saw 2 of its levels.

You collected 16 gold pieces.

Inventory:

Missiles
 c - 9 arrows
Books
 a - a book of Air

   Spells                             Type                      Level
   a - Shock                          Conjuration/Air              1
   b - Swiftness                      Charms/Air                   2
   c - Static Discharge               Conjuration/Air              3
   d - Airstrike                      Air                          4
   e - Lightning Bolt                 Conjuration/Air              5
Comestibles
 b - a ration
 f - a chunk of flesh


   Skills:
 - Level 2.6 Dodging
 + Level 4.4 Stealth
 + Level 2.1 Unarmed Combat
 - Level 2.0 Spellcasting
 - Level 0.8 Conjurations
 - Level 2.6 Air Magic


You had 3 spell levels left.
You knew the following spells:

 Your Spells              Type           Power        Failure   Level  Hunger
a - Shock                 Conj/Air       #...         10%         1    #......
W - Swiftness             Chrm/Air       #.......     19%         2    ###....


Dungeon Overview and Level Annotations

Branches:
Dungeon (2/15)

Altars:

Annotations:
D:2 Sigmund


Innate Abilities, Weirdness & Mutations

You cannot wear armour.
You are incapable of wielding weapons or throwing items.
Your paws allow you to move quietly. (Stealth)
You have sharp claws.
You have razor-sharp teeth.
You have supernaturally acute eyesight. (SInv)
You are carnivorous and can eat meat at any time.
You cover ground quickly.
You are covered in fur. (AC +1)
You have a slow metabolism.
Your sharp claws are effective at attacking unaware monsters.
You have a somewhat thin skeletal structure. (Dex +2, Stealth)
Your magical capacity is low. (-10% MP)
You passively map a small area around you.


Message History

Confirm with . or Enter, or press ? or * to list all spells.
Aiming: Shock
Press: ? - help, Shift-Dir - straight line The zap misses the adder. x2; You feel sick.
The adder closely misses you.
Casting: Shock
Confirm with . or Enter, or press ? or * to list all spells.
Aiming: Shock
Press: ? - help, Shift-Dir - straight line The zap hits the adder.
The adder is heavily wounded.
The zap hits the adder.
The adder is severely wounded.
The adder closely misses you.
Casting: Shock
Confirm with . or Enter, or press ? or * to list all spells.
Aiming: Shock
Press: ? - help, Shift-Dir - straight line You miscast Shock.
Strange energies run through your body. The adder bites you but does no damage.
The adder completely misses you.
Casting: Shock
Confirm with . or Enter, or press ? or * to list all spells.
Aiming: Shock
Press: ? - help, Shift-Dir - straight line The zap hits the adder.
The adder is almost dead.
The zap misses the adder.
The adder bites you.
* * * LOW HITPOINT WARNING * * *
Casting: Shock
Confirm with . or Enter, or press ? or * to list all spells.
Aiming: Shock
Press: ? - help, Shift-Dir - straight line The zap hits the adder.
You kill the adder!
You feel your strength returning.
Your Unarmed Combat skill increases to level 2!
You feel sick.
You aren't carrying any potions.
Unknown command.
A dart slug comes into view.
You feel sick.
The helpless dart slug fails to defend itself.
You claw the dart slug!
You kill the dart slug!
You see here a dart slug corpse.
You feel sick.
e - an amethyst potion Eat a chunk of flesh? (ye/n/q)
Okay, then.
It was a potion of mutation.
You feel extremely strange.
Your bones become slightly less dense.
You feel less energetic.
You feel a strange attunement to the structure of the dungeons.
You aren't carrying any potions.
Unknown command.
Okay, then.
Sigmund the Dreaded comes into view.
He is wielding a scythe.
You feel sick.
You are no longer poisoned.
Sigmund shouts!
Sigmund casts a spell.
Sigmund flickers and vanishes for a moment.
Found 5 gold pieces.
Sigmund barely misses you.
You aren't carrying any potions.
Unknown command.
You aren't carrying any potions.
Unknown command.
You aren't carrying any items that you can evoke.
Unknown command.
As you read the scroll labeled WODWOTW CEUMYIFAOX, it crumbles to dust.
It is a scroll of identify.
You don't have any unidentified items.
You closely miss Sigmund. Sigmund closely misses you.
You scratch Sigmund.
Sigmund is lightly wounded.
Sigmund completely misses you.
You scratch Sigmund. You bite Sigmund.
Sigmund is moderately wounded.
You closely miss Sigmund.
Sigmund is moderately wounded.
Sigmund misses you.
You barely miss Sigmund. Your bite misses Sigmund.
Sigmund is moderately wounded.
Sigmund closely misses you.
Your magical contamination has completely faded away.
You barely miss Sigmund.
Sigmund is moderately wounded.
You scratch Sigmund. You bite Sigmund, but do no damage.
Sigmund is moderately wounded.
Sigmund says, "Look into my eyes."
Sigmund points at you and mumbles some strange words.
You are confused.
You aren't carrying any potions.
Unknown command.
Sigmund laughs darkly.
Sigmund completely misses you. Sigmund casts a spell at you.
The magic dart hits you!
Ouch! That really hurt!
You die...

,, ,, , *..# ,
..# ,
###+#####..# *
#..........# , ,
#..........# , ,
#..........#
#........$.# , *
##..........# *
, .......@@...#
##..........#
#####......###**
##........, ,
#.##..### * #.#
..#
####.##..####
#............ ,
#.............


You could see Sigmund (invisible).

Vanquished Creatures
  Natasha (D:2)
  An adder (D:2)
  An ooze (D:1)
  A dart slug (D:2)
  2 goblins
  A hobgoblin (D:1)
  3 kobolds
  A bat (D:1)
  A frilled lizard (D:1)
12 creatures vanquished.

Notes
Turn   | Place    | Note
-------+----------+-------------------------------------------
     0 | D:1      | tidbits the Felid Air Elementalist began the quest for the Orb.
     0 | D:1      | Reached XP level 1. HP: 7/7 MP: 4/4
    26 | D:1      | Reached skill level 3 in Stealth
    55 | D:1      | Reached skill level 1 in Unarmed Combat
   117 | D:1      | Reached XP level 2. HP: 10/11 MP: 6/6
   121 | D:1      | Learned a level 2 spell: Swiftness
   265 | D:2      | Noticed Natasha
   284 | D:2      | Killed Natasha
   284 | D:2      | Reached skill level 4 in Stealth
   284 | D:2      | Reached XP level 3. HP: 8/14 MP: 3/7
   427 | D:2      | Reached skill level 2 in Unarmed Combat
   438 | D:2      | Gained mutation: You have a somewhat thin skeletal structure. (Dex +2, Stealth) [potion of mutation]
   438 | D:2      | Gained mutation: Your magical capacity is low. (-10% MP) [potion of mutation]
   438 | D:2      | Gained mutation: You passively map a small area around you. [potion of mutation]
   441 | D:2      | Noticed Sigmund
   456 | D:2      | Killed from afar by Sigmund

Skill      XL: |  1  2  3 |
---------------+----------+-----
Stealth        | 3 4 |  4.4
Unarmed Combat | 1 2 |  2.1
Dodging        | |  2.6
Spellcasting   | |  2.0
Conjurations   | |  0.8
Air Magic      | |  2.6

Action                   || total
-------------------------++-------
Melee: Unarmed           ||    13
       Bite              ||     2
 Cast: Shock             ||    18
  Use: Potion            ||     3
       Scroll            ||     1
 Stab: Sleeping          ||     2
Armor: Skin              ||     1
Dodge: Dodged            ||    16

Table legend:
 A = Turns spent in this place as a percentage of turns spent in the entire game.
 B = Non-inter-level travel turns spent in this place as a percentage of non-inter-level travel turns spent in the entire game.
 C = Inter-level travel turns spent in this place as a percentage of turns spent in this place.
 D = Turns resting spent in this place as a percentage of non-inter-level travel turns spent in this place.
 E = Turns spent auto-exploring this place as a percentage of non-inter-level travel turns spent in this place.
 F = Non-inter-level travel turns spent in this place divided by the number of levels of this place that you've seen.
                   A       B       C       D       E      F
               +-------+-------+-------+-------+-------+----------------------
         Total | 100.0 | 100.0 |   7.5 |   0.0 |   0.0 | 211.0
       Dungeon | 100.0 | 100.0 |   7.5 |   0.0 |   0.0 | 211.0
               +-------+-------+-------+-------+-------+----------------------

Table legend:
 A = Kills in this place as a percentage of kills in entire the game.
 B = Kills by you in this place as a percentage of kills by you in the entire game.
 C = Kills by friends in this place as a percentage of kills by friends in the entire game.
 D = Other kills in this place as a percentage of other kills in the entire game.
 E = Experience gained in this place as a percentage of experience gained in the entire game.
 F = Experience gained in this place divided by the number of levels of this place that you have seen.
                   A       B       C       D       E      F
               +-------+-------+-------+-------+-------+----------------------
         Total | 100.0 | 100.0 |   N/A |   N/A | 100.0 |  34.5
       Dungeon | 100.0 | 100.0 |   N/A |   N/A | 100.0 |  34.5
               +-------+-------+-------+-------+-------+----------------------

Vault maps used:
D:1:      ncdulo_smallfort
D:2:      uniq_natasha, uniq_jessica, uniq_sigmund
